 Dungeon Crawl Stone Soup version 0.29.0-3-gbb0933ed62 (webtiles) character file.

Game seed: 12639490278697428699

203 gelatine the Firebug (level 5, -1/36 HPs)
             Began as a Demonspawn Fire Elementalist on Aug 26, 2022.
             Slain by an orc
             ... wielding a +0 war axe
              (3 damage)
             ... on level 3 of the Dungeon.
             The game lasted 00:09:17 (3795 turns).

gelatine the Firebug (Demonspawn Fire Elementalist) Turns: 3795, Time: 00:09:17

Health: -1/36      AC:  2    Str:  9    XL:     5   Next: 51%
Magic:  1/9        EV: 12    Int: 18    God:
Gold:   151        SH:  0    Dex: 13    Spells: 7/10 levels left

rFire   . . .      SeeInvis .   j - +2 whip (elec)
rCold   . . .      Faith    .   (no shield)
rNeg    . . .      Spirit   .   a - +0 robe
rPois   .          Reflect  .   (no helmet)
rElec   .          Harm     .   (no cloak)
rCorr   .          Rampage  .   (no gloves)
Will    .....                   (no boots)
Stlth   ++........              (no amulet)
HPRegen 0.12/turn               (no ring)
MPRegen 0.11/turn               (no ring)

@: no status effects
A: hooves 1
a: no special abilities


You were on level 3 of the Dungeon.
You visited 1 branch of the dungeon, and saw 3 of its levels.

You collected 151 gold pieces.

Inventory:

Hand Weapons
 e - a +0 short sword
 h - a +2 hand axe of draining
 j - a +2 whip of electrocution (weapon)
 m - a +0 war axe of freezing
 q - a +0 short sword of electrocution
Missiles
 c - 6 poisoned darts
Armour
 a - a +0 robe (worn)
 n - a +4 ring mail
Magical Staves
 p - a staff of poison
Wands
 i - a wand of flame (25)
Scrolls
 l - a scroll of identify {unknown}
Potions
 d - a potion of flight {unknown}
 f - a potion of mutation {unknown}
 g - a potion of heal wounds {unknown}
 k - a potion of berserk rage {unknown}
 o - 2 potions of attraction {unknown}


   Skills:
 + Level 0.4 Fighting
 + Level 0.6 Short Blades
 + Level 2.4 Dodging
 + Level 2.2 Stealth
 + Level 3.2 Spellcasting
 + Level 2.1 Conjurations
 + Level 3.9 Fire Magic


You had 7 spell levels left.
You knew the following spells:

 Your Spells              Type           Power      Damage    Failure   Level
a - Foxfire               Conj/Fire      52%        2x1d6     4%          1
b - Scorch                Fire           34%        2d7       4%          2

Your spell library contained the following spells:

 Spells                   Type           Power      Damage    Failure   Level
 Conjure Flame            Conj/Fire      13%        6-21      14%         3
 Inner Flame              Hex/Fire       10%        N/A       22%         3
 Flame Wave               Conj/Fire      13%        2d6       41%         4
 Gell's Gravitas          Tloc           2%         N/A       43%         3
 Lesser Beckoning         Tloc           2%         N/A       43%         3
 Teleport Other           Tloc           2%         N/A       43%         3


Dungeon Overview and Level Annotations

Branches:
Dungeon (3/15)

Altars:
Yredelemnul


Innate Abilities, Weirdness & Mutations

You have large cloven feet.


Message History

Confirm with . or Enter, or press ? or * to list all spells.
Flames lash the goblin.
You kill the goblin!
The adder barely misses you.
Casting: Scorch (safe; 4% risk of failure)
Confirm with . or Enter, or press ? or * to list all spells.
Flames lash the giant cockroach.
You kill the giant cockroach!
The adder misses you.
Casting: Scorch (safe; 4% risk of failure)
Confirm with . or Enter, or press ? or * to list all spells.
Flames lash the goblin.
You kill the goblin!
The adder closely misses you. The adder completely misses you.
Casting: Scorch (safe; 4% risk of failure)
Confirm with . or Enter, or press ? or * to list all spells.
Flames lash the orc.
The orc is heavily wounded.
The orc's fire resistance burns away.
The adder bites you.
Casting: Scorch (safe; 4% risk of failure)
Confirm with . or Enter, or press ? or * to list all spells.
You conjure some foxfire!
The adder closely misses you.
You barely miss the adder. Your kick misses the adder.
The adder is heavily wounded.
The foxfire hits the adder.
The adder is severely wounded.
The foxfire hits the adder.
You kill the adder!
You hit the orc but do no damage. You kick the orc, but do no damage.
The orc is heavily wounded.
The orc is no longer more vulnerable to fire.
The orc barely misses you.
You closely miss the orc.
The orc is heavily wounded.
The orc hits you with a +0 war axe!
* * * LOW HITPOINT WARNING * * *
You barely miss the orc.
The orc is heavily wounded.
The orc hits you with a +0 war axe.
You die...

####.....########.#..##*,,,,,,,,,
##...########..oo..#*,**,,,,,,
##..........†.B....,,**,*****
##.##...#..#..B..*,,,,,,,,,,
#.##...#..#,,...*,,********
#.#...###.##,,,#*,,* ******
#.#...#,#..#,,,*,,,***,,,,,
#....##,##.##,**,,,,,,,****
###..#,,,#@†#,*,,,,********
#.##,,,##o##*,,,,* *,,
#.*,,,,,#))#,,,*,******,,
*,*,,,,,#..#,,,,,,,**,,,,
*,,,,,,,.....,,,,,,**,***
*******........,,,,,,,* *
#####.#....,,**,* *.#....,,**,***
*..,.#.****,,,,


You could see an orc.

Vanquished Creatures
  An orc priest (D:3)
  An orc wizard (D:3)
  5 adders
  5 worms (D:2)
  A dart slug (D:2)
  10 orcs (D:3)
  5 ball pythons
  3 bats
  4 endoplasms
  8 giant cockroaches
  4 goblins
  5 hobgoblins
  5 jackals
  3 quokkas
  5 frilled lizards
  6 kobolds
  9 rats
80 creatures vanquished.

Vanquished Creatures (others)
  132 foxfires
132 creatures vanquished.

Grand Total: 212 creatures vanquished

Notes
Turn   | Place    | Note
-------+----------+-------------------------------------------
     0 | D:1      | gelatine the Demonspawn Fire Elementalist began the quest
                  | for the Orb.
     0 | D:1      | Reached XP level 1. HP: 13/13 MP: 3/3
   197 | D:1      | Gained mutation: You have large cloven feet. [demonic
                  | ancestry]
   197 | D:1      | Reached XP level 2. HP: 18/19 MP: 1/5
  1161 | D:2      | Learned a level 2 spell: Scorch
  1202 | D:2      | Reached XP level 3. HP: 24/24 MP: 0/6
  2356 | D:2      | Reached XP level 4. HP: 30/30 MP: 0/7
  3146 | D:3      | Reached XP level 5. HP: 3/36 MP: 5/9
  3593 | D:3      | Found a basalt altar of Yredelemnul.
  3795 | D:3      | Slain by an orc

Illustrated notes

Levels and vault maps discovered:
D:1:      saegor_arrival_under_anarchy, layout_basic
D:2:      layout_loops_corners
D:3:      minmay_spotlight, layout_loops_ring,
          mainiacjoe_overflow_cross_hatched,
          mainiacjoe_overflow_surrounded_room,
          dreamdust_ecumenical_altar_drowned_temple, minmay_unequal

Skill      XL: |  1  2  3  4  5 |
---------------+----------------+-----
Fire Magic     | 3 |  3.9
Stealth        | 2 |  2.2
Dodging        | 2 |  2.4
Conjurations   | 2 |  2.1
Spellcasting   | 3 |  3.2
Fighting       | |  0.4
Short Blades   | |  0.6

Action                   |  1- 3 |  4- 6 || total
-------------------------+-------+-------++-------
Melee: Short sword       |    59 |    18 ||    77
       Kick              |     9 |    14 ||    23
       Whip              |       |    32 ||    32
       Punch             |       |     1 ||     1
 Cast: Foxfire           |    67 |    23 ||    90
       Scorch            |     9 |    29 ||    38
  Use: Potion            |     2 |     3 ||     5
       Scroll            |       |     2 ||     2
 Stab: Sleeping          |     1 |       ||     1
Armor: Robe              |    11 |     8 ||    19
Dodge: Dodged            |    46 |    58 ||   104
